Cogmind - Beta 15 *** ADVENTURER MODE // 2025.08.06 @ 08:45:40 Player: Mbreton Result: Destroyed by Y-64 Sentinel with KE Penetrator Performance ------------- Evolutions (5) 2500 Regions Visited (14) 2800 Robots Destroyed (131) 655 Value Destroyed (6378) 6378 Prototype IDs (3) 60 Alien Tech Used (0) 0 Bonus (4580) 4580 TOTAL SCORE: 16973 Bonus ------- High Alert Combat Kills 1119 Follower Combat Kills 673 Entered Garrisons 800 Used RIF Installer 2000 Friendly Fire -12 Cogmind --------- Core Integrity 0/1000 Matter 80/300 Energy 98/100 System Corruption 18% Temperature Cool (0) Movement Core (50) Location -5/Factory Parts ------- > --- POWER (1) -------- (None) > --- PROPULSION (6) --- (None) > --- UTILITY (7) ------ Advanced Signal Interpreter Advanced Melee Analysis Suite Improved Launcher Guidance Computer Improved System Shield > --- WEAPON (3) ------- (None) > --- INVENTORY (5) ---- Medium Storage Unit Relay Coupler [Sentry] (26) Relay Coupler [Hunter] (19) Relay Coupler [Behemoth] (11) Enhanced Gauss Cannon Peak State ------------ > --- POWER ------------ (None) > --- PROPULSION ------- Nuclear Pulse Array Nuclear Pulse Array Nuclear Pulse Array > --- UTILITY ---------- Advanced Signal Interpreter Advanced Melee Analysis Suite Advanced Melee Analysis Suite Improved Launcher Guidance Computer Hardlight Generator Improved System Shield Advanced System Restoration Module > --- WEAPON ----------- Mass Driver Enhanced Gauss Cannon > --- INVENTORY -------- Medium Storage Unit Relay Coupler [Duelist] Relay Coupler [Sentry] Relay Coupler [Hunter] Relay Coupler [Behemoth] [Rating: 84] Favorites ----------- Power Light Nuclear Core Engine Improved Deuterium Engine Power Core Light Nuclear Core Reactor Light Quantum Reactor Propulsion Armored Huge Wheel Leg Carbon-fiber Leg Wheel Armored Huge Wheel Hover Unit Linear Gravjet Flight Unit Nuclear Pulse Array Utility Large Storage Unit Device Microactuators Storage Large Storage Unit Processor Advanced Melee Analysis Suite Hackware Relay Coupler [NC] Protection Hardened Medium Armor Plating Weapon Ripper Energy Gun Gatling Laser Ballistic Gun Autogun Ballistic Cannon Heavy Flak Cannon Launcher Shock Bomb Launcher Special Weapon Remote Datajack Impact Weapon Powered Hammer Slashing Weapon Ripper Special Melee Weapon Advanced Datajack Build | -11 -10 -10 -9 -9 -8 -7 -7 -7 -7 -6 -6 -6 -6 -5 ------- Run | Yrd Mat Min Mat Min Mat Fac Gar Fac Gar Fac Gar Fac Gar Fac Slots Evolved 10 | . . . 2 . 2 2 . . . 2 . . . 2 Power . | . . . . . . . . . . . . . . . Propulsion 4 | . . . . . 2 . . . . 1 . . . 1 Utility 5 | . . . 2 . . 1 . . . 1 . . . 1 Weapon 1 | . . . . . . 1 . . . . . . . . Parts Attached 111 | 6 1 3 2 . 14 5 15 10 6 1 4 . 19 25 Power 12 | 1 . 1 . . 1 1 2 . 2 . 1 . 2 1 Engine 7 | 1 . 1 . . . 1 . . 1 . 1 . 1 1 Core 4 | . . . . . 1 . 2 . . . . . 1 . Reactor 1 | . . . . . . . . . 1 . . . . . Propulsion 25 | 2 . . . . 5 . 1 1 . 1 . . 5 10 Treads . | . . . . . . . . . . . . . . . Leg 5 | . . . . . . . . . . . . . 5 . Wheel 10 | 2 . . . . 5 . 1 1 . 1 . . . . Hover 6 | . . . . . . . . . . . . . . 6 Flight 4 | . . . . . . . . . . . . . . 4 Utility 42 | 1 1 1 2 . 4 3 6 6 2 . 2 . 5 9 Device 11 | . . 1 . . . 1 2 3 . . . . 1 3 Storage 3 | 1 1 . . . . . . . . . . . 1 . Processor 8 | . . . . . 1 . . . 1 . . . 1 5 Hackware 6 | . . . . . . . . . 1 . 2 . 2 1 Protection 14 | . . . 2 . 3 2 4 3 . . . . . . Artifact . | . . . . . . . . . . . . . . . Weapon 32 | 2 . 1 . . 4 1 6 3 2 . 1 . 7 5 Energy Gun 6 | 2 . . . . . . 2 . . . . . 2 . Energy Cannon . | . . . . . . . . . . . . . . . Ballistic Gun 6 | . . . . . 2 . 3 . . . 1 . . . Ballistic Cannon 4 | . . . . . . . . . . . . . . 4 Launcher 6 | . . . . . . 1 . . 1 . . . 4 . Special Weapon 2 | . . . . . . . . . 1 . . . 1 . Impact Weapon 1 | . . . . . . . . 1 . . . . . . Slashing Weapon 5 | . . 1 . . 2 . . 2 . . . . . . Piercing Weapon . | . . . . . . . . . . . . . . . Special Melee Weapon 2 | . . . . . . . 1 . . . . . . 1 Unidentified Prototypes 2 | . . 1 . . . . . . . . . . . 1 Corrupted Parts 1 | . . . . . . . 1 . . . . . . . System Corruption 10 | . . . . . . . 10 . . . . . . . Parts Lost 67 | . . 1 . . 4 2 11 1 5 1 2 2 14 24 Power 9 | . . . . . 1 . 2 . 2 . 1 . 2 1 Propulsion 17 | . . . . . 1 . . . 1 . 1 1 2 11 Utility 22 | . . . . . 1 2 4 1 1 1 . . 5 7 Weapon 19 | . . 1 . . 1 . 5 . 1 . . 1 5 5 Highest Loss Streak 10 | . . 1 . . 2 2 5 1 3 1 1 2 8 10 To Critical Strikes 1 | . . . . . . . 1 . . . . . . . Average Backups 11 | 1 2 6 10 11 13 13 12 12 12 12 9 10 10 8 Power . | . . 1 2 2 2 . . . . . . . . . Propulsion 1 | . . . . . . 2 2 1 1 1 1 . . . Utility 7 | . . 1 2 3 3 5 8 9 9 9 6 6 5 6 Weapon 2 | . 1 3 5 5 6 5 1 1 1 1 1 2 2 . Tool/Special . | . . . . . . . . . . . . . . . Unused Backups 25 | . . . . . 7 . 3 2 1 . . . . 12 Power 2 | . . . . . 2 . . . . . . . . . Propulsion . | . . . . . . . . . . . . . . . Utility 15 | . . . . . 1 . 2 2 1 . . . . 9 Weapon 7 | . . . . . 4 . 1 . . . . . . 2 Tool/Special 1 | . . . . . . . . . . . . . . 1 Average Slot Usage (%) 73 | . 83 93 94 100 78 71 69 82 65 58 75 79 70 63 Engine 2 | . 14 14 11 11 . . 1 . 4 6 4 6 5 . Core 3 | . . . . . 7 6 5 7 1 . . . . . Leg 2 | . . . . . . . . . . . . . 13 11 Wheel 14 | . 26 28 22 22 25 15 14 14 14 14 16 13 5 . Device 5 | . . 8 11 11 7 4 1 14 7 6 6 6 5 2 Storage 7 | . 14 14 11 11 9 7 7 7 7 6 6 6 12 4 Processor 3 | . . . . . . 7 1 . 2 . . . 3 22 Hackware 1 | . . . . . . . . . 2 6 15 20 7 4 Protection 11 | . . . 16 22 16 17 16 14 7 4 6 6 1 . Energy Gun 3 | . 28 15 11 11 . . 3 . . . . . 3 1 Ballistic Gun 5 | . . . . . 1 . 10 10 . . 2 6 . . Launcher 1 | . . . . . . 4 1 . 2 6 6 5 1 . Impact Weapon 1 | . . . . . . . . 3 . . . . 4 2 Slashing Weapon 5 | . . 12 11 11 8 7 4 7 12 6 6 6 1 . Peak Build Rating 84 | 6 7 18 21 21 48 52 46 53 58 48 54 52 59 84 Average Rating 41 | 3 5 14 20 21 28 47 40 48 49 44 49 51 46 51 On Entrance 32 | . 6 6 18 21 21 48 46 40 53 48 45 52 48 39 Naked Turns . | . . . . . . . . . . . . . . . Heaviest Build 65 | 13 28 30 36 36 48 59 59 58 65 61 51 51 54 49 Greatest Support 75 | 26 26 26 26 26 56 56 56 56 56 66 66 56 75 60 Greatest Overweight (x) 16 | . 1 1 1 1 2 1 15 1 16 1 1 . 2 8 Average Overweight (x) . | . . 1 1 1 . . . . . . . . . . Largest Inventory Capacity 15 | 8 15 15 15 15 15 15 15 15 15 15 15 15 15 15 Average Capacity 14 | 6 14 15 15 15 15 15 15 15 15 15 15 15 15 9 Most Carried 15 | 4 5 9 11 11 15 15 15 15 15 14 12 12 14 15 Average Carried 12 | 1 2 6 10 11 14 15 14 14 14 12 10 11 10 8 Final Capacity 15 | 8 15 15 15 15 15 15 15 15 15 15 15 15 15 5 Final Carried 15 | 1 4 9 11 11 15 15 15 15 13 12 11 10 12 5 Class Distribution -------------------- 36% | Mutant 29% | Scavenger-Mutant 11% | Bothacker-Mutant 6% | Gladiator 4% | Hacker-Mutant 3% | Tank 3% | Scavenger-Tank Dominant Class ---------------- Mutant | -10/Materials Mutant | -10/Mines Mutant | -9/Materials Mutant | -9/Mines Mutant | -8/Materials Mutant | -7/Factory Scavenger-Mutant | -7/Garrison Scavenger-Mutant | -7/Factory Bothacker-Mutant | -7/Garrison Bothacker-Mutant | -6/Factory Bothacker-Mutant | -6/Garrison Bothacker-Mutant | -6/Factory Scavenger-Mutant | -6/Garrison Bothacker-Mutant | -5/Factory Resources | -11 -10 -10 -9 -9 -8 -7 -7 -7 -7 -6 -6 -6 -6 -5 ----------- Run | Yrd Mat Min Mat Min Mat Fac Gar Fac Gar Fac Gar Fac Gar Fac Matter Collected 2796 | 70 28 207 16 . 144 66 976 292 80 . 248 . 385 284 Remotely . | . . . . . . . . . . . . . . . Salvage Created 4719 | . 40 30 42 . 594 143 1516 554 390 14 215 . 927 254 Parts 241 | . 4 6 7 . 35 8 72 30 33 5 5 . 28 8 Haulers Intercepted . | . . . . . . . . . . . . . . . Recyclers Shooed 1 | . . . . . 1 . . . . . . . . . Parts Field Recycled . | . . . . . . . . . . . . . . . Retrieved Matter . | . . . . . . . . . . . . . . . Parts Self-Destructed . | . . . . . . . . . . . . . . . Prevented . | . . . . . . . . . . . . . . . Kills | -11 -10 -10 -9 -9 -8 -7 -7 -7 -7 -6 -6 -6 -6 -5 ------- Run | Yrd Mat Min Mat Min Mat Fac Gar Fac Gar Fac Gar Fac Gar Fac Combat Hostiles Destroyed 122 | . 3 2 2 . 11 3 37 11 18 . 7 . 22 6 Melee 49 | . . 2 2 . 11 3 3 10 6 . 3 . 8 1 Guns 31 | . 3 . . . . . 22 1 . . . . 5 . Cannons 4 | . . . . . . . . . . . . . . 4 AOE 27 | . . . . . . . 9 . 12 . 4 . 2 . Classes Destroyed 14 | . 1 . 1 . 4 1 2 2 2 1 . . . . Worker 4 | . . . 1 . 3 . . . . . . . . . Builder 2 | . . . . . . . . . . 1 . . . 1 Recycler 1 | . . . . . 1 . . . . . . . . . Watcher 1 | . . . . . . . . 1 . . . . . . Swarmer 52 | . 3 2 2 . 3 1 13 2 11 . 4 . 11 . Grunt 34 | . . . . . 3 . 16 3 . . 3 . 8 1 Brawler 2 | . . . . . . 1 1 . . . . . . . Duelist 1 | . . . . . . . 1 . . . . . . . Protector 1 | . . . . . . . . . 1 . . . . . Sentry 10 | . . . . . 2 . . 2 2 . . . 3 1 Demolisher 1 | . . . . . . . . . 1 . . . . . Specialist 4 | . . . . . . . 4 . . . . . . . Hunter 8 | . . . . . 3 1 2 2 . . . . . . Programmer 10 | . . . . . . . . 2 3 . . . 1 4 Best Kill Streak 9 | . 3 2 2 . 9 2 6 1 5 1 4 . 6 3 Combat Bots Only 7 | . 3 2 2 . 7 2 6 1 5 . 4 . 6 3 Max Kills in Single Turn 3 | . 1 1 1 . 1 1 2 1 3 1 2 . 2 1 Gunslinging . | . . . . . . . . . . . . . . . Exploded 3 | . . . . . . . 2 . 3 . 2 . 2 . Melee 1 | . . 1 1 . 1 1 1 1 1 . 1 . 1 1 Uniques/NPCs Destroyed . | . . . . . . . . . . . . . . . Combat | -11 -10 -10 -9 -9 -8 -7 -7 -7 -7 -6 -6 -6 -6 -5 -------- Run | Yrd Mat Min Mat Min Mat Fac Gar Fac Gar Fac Gar Fac Gar Fac Hostile Shots Fired 1356 | . 34 20 21 6 55 35 248 148 143 . 71 . 289 286 Missed 444 | . 6 5 6 3 20 14 62 48 34 . 32 . 110 104 Hits 912 | . 28 15 15 3 35 21 186 100 109 . 39 . 179 182 Melee 6 | . . . 1 . . 4 . . . . 1 . . . Projectile 906 | . 28 15 14 3 35 17 186 100 109 . 38 . 179 182 AOE 3 | . . . . . . . . . 3 . . . . . Critical Strikes 26 | . . . . . 1 . 6 1 2 . 1 . 3 12 Damage Taken 10471 | . 200 85 134 25 372 313 2449 885 1059 39 461 76 1486 2887 Core 2108 | . 22 26 37 . 49 36 339 153 110 . 36 5 284 1011 Absorbed by Shields 132 | . . . . . . . . . . . . . 132 . Ignored by Resistances 3104 | . 66 30 40 8 107 91 692 271 330 11 135 22 495 806 Regen/Repaired (Parts) 526 | . 28 . . . 99 . . 399 . . . . . . Core Remaining (%) 71 | 100 . 80 . 90 91 . . . 8 . . . 61 . Volleys Fired 177 | . 11 2 . . 9 . 85 3 12 . 11 . 23 21 Largest 3 | . 2 2 . . 2 . 3 1 1 . 1 . 2 2 Hottest 196 | . 90 90 . . 40 . 196 25 36 . 36 . 138 94 Shots Fired 290 | . 21 3 . . 14 . 149 9 15 . 11 . 29 39 Gun 187 | . 21 3 . . 14 . 118 9 . . . . 22 . Cannon 39 | . . . . . . . . . . . . . . 39 Launcher 51 | . . . . . . . 31 . 14 . 5 . 1 . Special 13 | . . . . . . . . . 1 . 6 . 6 . Kinetic 111 | . . . . . 11 . 52 9 . . . . . 39 Thermal 115 | . 21 3 . . 3 . 66 . . . . . 22 . Explosive 20 | . . . . . . . . . 14 . 5 . 1 . Electromagnetic 31 | . . . . . . . 31 . . . . . . . Robot Hit Streak 22 | . 4 2 . . 8 . 20 5 6 . 9 . 22 13 Robot Miss Streak 4 | . 4 1 . . 1 . 2 3 1 . . . 2 2 Penetration Max 1 | . . . . . . . . . . . . . . 1 Secondary Targets 6 | . 1 . . . . . 5 . . . . . . . Max Gunslinging Chain 1 | . 1 . . . . . 1 . . . . . . . Shots Hit Robots 370 | . 9 5 5 . 35 12 117 32 26 1 13 . 66 49 Core Hits 189 | . 3 2 3 . 14 4 83 15 27 1 9 . 17 11 Critical Kills . | . . . . . . . . . . . . . . . Critical Parts Destroyed 14 | . . . . . . . . . . . . . 10 4 Critical Strikes 44 | . . . 1 . 3 5 . 8 3 . . . 15 9 Burn 3 | . . . . . . . . . . . . . 3 . Blast 4 | . . . . . . . . . . . . . . 4 Smash 15 | . . . . . . . . . . . . . 10 5 Sever 22 | . . . 1 . 3 5 . 8 3 . . . 2 . Melee Attacks 273 | . . 4 5 . 27 13 90 32 23 1 4 . 57 17 Impact 61 | . . . . . . . . . . . . . 44 17 Slashing 205 | . . 4 5 . 27 13 83 32 23 1 4 . 13 . Piercing . | . . . . . . . . . . . . . . . Sneak Attacks 13 | . . . 1 . 2 . 7 . . 1 1 . . 1 Combat Hostiles 1 | . . . . . . . . . . . 1 . . . Follow-up Attacks 6 | . . . . . . . . 2 4 . . . . . Damage Inflicted 13014 | . 111 122 203 . 1277 556 3230 1138 2049 60 560 . 2049 1659 Guns 2508 | . 111 21 . . 94 . 1811 88 . . . . 383 . Cannons 929 | . . . . . . . . . . . . . 25 904 Explosions 2916 | . . . . . . . 1171 . 1200 . 393 . 152 . Melee 6661 | . . 101 203 . 1183 556 248 1050 849 60 167 . 1489 755 Ramming . | . . . . . . . . . . . . . . . Kinetic 1515 | . . . . . 73 . 450 88 . . . . . 904 Thermal 1921 | . 111 21 . . 21 . 1385 . . . . . 383 . Explosive 1745 | . . . . . . . . . 1200 . 393 . 152 . Electromagnetic 1147 | . . . . . . . 1147 . . . . . . . Impact 2006 | . . . . . . . . . . . . . 1251 755 Slashing 4680 | . . 101 203 . 1183 556 248 1050 849 60 167 . 263 . Piercing . | . . . . . . . . . . . . . . . Highest Corruption 21 | . . . . . 2 5 15 16 21 . . 1 2 18 Average Corruption 11 | . . . . . 1 4 13 15 19 . . 1 1 8 Corruption Purged 4 | . . . . . . . . . . . . . . 4 Corruption Blocked . | . . . . . . . . . . . . . . . Effects 291 | . . . . . 8 3 151 67 23 . . . 10 29 Message Errors 78 | . . . . . 1 . 38 18 6 . . . 4 11 Matter Fused 62 | . . . . . 3 1 35 11 5 . . . 2 5 Heat Flow Errors 28 | . . . . . . 1 12 7 3 . . . . 5 Energy Discharges 33 | . . . . . 1 1 20 6 3 . . . 1 1 Parts Rejected 6 | . . . . . . . 3 2 . . . . 1 . Data Loss (minor) 28 | . . . . . 2 . 12 9 2 . . . 1 2 Data Loss (major) 16 | . . . . . 1 . 13 . . . . . 1 1 Misfires 17 | . . . . . . . 8 6 3 . . . . . Alerts 8 | . . . . . . . 2 4 1 . . . . 1 Misdirections 8 | . . . . . . . 1 4 . . . . . 3 Weapon Failures 7 | . . . . . . . 7 . . . . . . . Overload Shots . | . . . . . . . . . . . . . . . Overflow Damage 1021 | . . 11 17 . 203 7 . . 68 . 14 . 407 294 Projectiles 18 | . . . . . . . . . . . . . . 18 Explosions 82 | . . . . . . . . . 68 . 14 . . . Melee 921 | . . 11 17 . 203 7 . . . . . . 407 276 Knockbacks 16 | . . . . . . . . . . . . . . 16 Impact 4 | . . . . . . . . . . . . . . 4 Kinetic 11 | . . . . . . . . . . . . . . 11 Secondary 1 | . . . . . . . . . . . . . . 1 Self-Inflicted Damage 245 | . . . . . . . 145 . 55 . 23 . 22 . Shots 18 | . . . . . . . 13 . 3 . 1 . 1 . Rammed . | . . . . . . . . . . . . . . . Targets Rammed . | . . . . . . . . . . . . . . . Kicked . | . . . . . . . . . . . . . . . Crushed . | . . . . . . . . . . . . . . . Highest Temperature 596 | . 280 30 . . 9 122 596 269 255 . . . 230 235 Average Temperature 114 | . 131 21 . . 6 62 128 100 83 . . . 64 76 Received Heat Transfer 2547 | . 60 . 36 18 135 . 576 348 156 . 132 . 476 610 Effects 18 | . . . . . . . 15 3 . . . . . . Shutdowns 1 | . . . . . . . 1 . . . . . . . Energy Bleed 2 | . . . . . . . 1 1 . . . . . . Interference 6 | . . . . . . . 4 2 . . . . . . Matter Decay 1 | . . . . . . . 1 . . . . . . . Short Circuit 2 | . . . . . . . 2 . . . . . . . Damage (minor) 1 | . . . . . . . 1 . . . . . . . Damage (major) 4 | . . . . . . . 4 . . . . . . . Damage (core) 1 | . . . . . . . 1 . . . . . . . Siege Activations . | . . . . . . . . . . . . . . . Martial Activations . | . . . . . . . . . . . . . . . Shielding Activations . | . . . . . . . . . . . . . . . Robots Disrupted . | . . . . . . . . . . . . . . . Combat Hostiles . | . . . . . . . . . . . . . . . Robots Corrupted 10 | . . . . . . . 3 . . . . . 6 1 Combat Hostiles 10 | . . . . . . . 3 . . . . . 6 1 Parts Fried 17 | . . . . . . . 4 . . . . . 10 3 Impact Corruptions 25 | . . . . . . . . . . . . . 15 10 Robots Melted 1 | . . . . . . . . . . . . . 1 . Combat Hostiles 1 | . . . . . . . . . . . . . 1 . Parts Melted 7 | . 1 . . . . . 2 . . . . . 4 . Heat Transferred 4190 | . 285 50 . . 50 . 2843 . . . . . 962 . Parts Sabotaged . | . . . . . . . . . . . . . . . Parts Stolen . | . . . . . . . . . . . . . . . Parts Stripped . | . . . . . . . . . . . . . . . Power Chain Reactions 2 | . . . . . . . 2 . . . . . . . Alert | -11 -10 -10 -9 -9 -8 -7 -7 -7 -7 -6 -6 -6 -6 -5 ------- Run | Yrd Mat Min Mat Min Mat Fac Gar Fac Gar Fac Gar Fac Gar Fac Maximum Alert Level 5 | . . . . . . . 5 4 3 2 2 1 2 1 Low Security (%) 35 | 100 100 100 100 100 100 100 2 . . . . 17 60 74 Level 1 8 | . . . . . . . 4 . . . 56 82 21 25 Level 2 9 | . . . . . . . 11 . 62 100 43 . 18 . Level 3 14 | . . . . . . . 11 60 37 . . . . . Level 4 16 | . . . . . . . 29 39 . . . . . . Level 5 14 | . . . . . . . 40 . . . . . . . High Security . | . . . . . . . . . . . . . . . Max Security . | . . . . . . . . . . . . . . . Peak Influence 2796 | . 62 40 65 39 140 45 2796 1272 1060 482 506 230 604 274 Initial 1272 | . . 3 . 14 12 . 12 1272 555 482 282 230 111 274 Average 767 | . 25 6 26 22 39 13 1456 1024 744 470 381 214 261 109 Influence Increases 6408 | . 82 40 85 75 343 121 3014 379 555 5 324 . 753 632 Destroy 0b10 Robot/C 2820 | . 60 40 40 . 220 60 880 220 340 . 260 . 580 120 Destroy 0b10 Robot/NC 45 | . . . 5 . 20 . . 5 5 5 . . . 5 Destroy Leader 352 | . 10 . 10 . 60 10 70 62 30 . 30 . 40 30 Allied During Kill 46 | . . . . . . . 16 . 1 . 8 . 21 . Trap Triggered on 0b10 10 | . . . . . 10 . . . . . . . . . Successful Hack 81 | . 12 . . . 18 21 14 16 . . . . . . Disable Machine 27 | . . . . . . . 9 . 9 . . . . 9 Anti-Garrison Action 1900 | . . . . . . . 1750 . 100 . . . 50 . Destroy Structure 302 | . . . . . . . 140 1 70 . 26 . 47 18 Partial Spotted 15 | . . . . . . . . . . . . . . 15 Lose Combat Pursuer 810 | . . . 30 75 15 30 135 75 . . . . 15 435 Influence Decreases 6196 | . 70 52 40 81 382 100 239 2274 396 608 275 326 329 1024 Entered New Map 3374 | . . 9 . 31 27 . 9 1524 346 578 175 276 69 330 Time Decay 1917 | . 70 40 40 50 323 80 . 740 . 20 . 30 . 524 Lost Part 585 | . . 3 . . 32 20 110 10 50 10 20 20 140 170 Lost Ally 320 | . . . . . . . 120 . . . 80 . 120 . Squads Dispatched 13 | . . . . . 2 . . 4 . . . . . 7 Investigation 3 | . . . . . . . . 1 . . . . . 2 Extermination 5 | . . . . . . . . 2 . . . . . 3 Reinforcement 4 | . . . . . 2 . . . . . . . . 2 Assault 1 | . . . . . . . . 1 . . . . . . Garrison . | . . . . . . . . . . . . . . . Intercept . | . . . . . . . . . . . . . . . Searches Triggered . | . . . . . . . . . . . . . . . Construction Impeded . | . . . . . . . . . . . . . . . Haulers Reinforced 2 | . . . . . . . . . . . . . . 2 Active Scanning Responses . | . . . . . . . . . . . . . . . Cargo Convoy Interrupts . | . . . . . . . . . . . . . . . Stealth | -11 -10 -10 -9 -9 -8 -7 -7 -7 -7 -6 -6 -6 -6 -5 --------- Run | Yrd Mat Min Mat Min Mat Fac Gar Fac Gar Fac Gar Fac Gar Fac Distress Signals 5 | . . 1 . . 3 . . . . . . 1 . . Communications Jammed . | . . . . . . . . . . . . . . . Distress Signals . | . . . . . . . . . . . . . . . Times Spotted 247 | . 7 5 7 5 21 5 51 19 20 . 18 1 37 51 Peak Tracking Total 14 | . 4 14 5 3 4 3 9 4 5 . 7 4 5 12 Tactical Retreats 29 | . . 1 2 3 1 2 4 4 . . . . 1 11 Traps | -11 -10 -10 -9 -9 -8 -7 -7 -7 -7 -6 -6 -6 -6 -5 ------- Run | Yrd Mat Min Mat Min Mat Fac Gar Fac Gar Fac Gar Fac Gar Fac Traps Triggered 28 | . . . . . 4 1 7 3 1 1 . 1 5 5 Indirectly 2 | . . . . . . . 2 . . . . . . . Trap Hack Attempts . | . . . . . . . . . . . . . . . Triggered . | . . . . . . . . . . . . . . . Disarmed . | . . . . . . . . . . . . . . . Reprogrammed 4 | . . . . . 4 . . . . . . . . . Reused 1 | . . . . . 1 . . . . . . . . . Traps Extracted . | . . . . . . . . . . . . . . . Installed . | . . . . . . . . . . . . . . . Triggered 1 | . . . . . 1 . . . . . . . . . Machines | -11 -10 -10 -9 -9 -8 -7 -7 -7 -7 -6 -6 -6 -6 -5 ---------- Run | Yrd Mat Min Mat Min Mat Fac Gar Fac Gar Fac Gar Fac Gar Fac Machines Disabled 10 | . . . . . . . 6 . 2 . . . 1 1 Max in Single Turn 1 | . . . . . . . 1 . 1 . . . 1 1 Garrison Relay 7 | . . . . . . . 5 . 1 . . . 1 . Machines Repaired . | . . . . . . . . . . . . . . . Machines Dismantled . | . . . . . . . . . . . . . . . Machines Sabotaged . | . . . . . . . . . . . . . . . Overloaded Fab Kills . | . . . . . . . . . . . . . . . Hacking | -11 -10 -10 -9 -9 -8 -7 -7 -7 -7 -6 -6 -6 -6 -5 --------- Run | Yrd Mat Min Mat Min Mat Fac Gar Fac Gar Fac Gar Fac Gar Fac Machines Accessed 34 | . 2 . 1 . 7 1 3 9 2 2 . 1 1 5 Terminals 19 | . 1 . 1 . 5 . 3 4 2 . . . 1 2 Fabricators 1 | . . . . . . . . . . 1 . . . . Repair Stations 5 | . 1 . . . 1 . . 2 . . . . . 1 Recycling Units 3 | . . . . . . . . 1 . . . . . 2 Scanalyzers 2 | . . . . . 1 . . 1 . . . . . . Garrison Access 4 | . . . . . . 1 . 1 . 1 . 1 . . Total Hacks 78 | . 3 . 1 . 25 1 6 18 4 3 . 1 1 15 Successful 48 | . 3 . 1 . 21 1 1 14 . 2 . 1 1 3 Failed 30 | . . . . . 4 . 5 4 4 1 . . . 12 Catastrophic 6 | . . . . . . . 2 1 . . . . . 3 Database Lockouts . | . . . . . . . . . . . . . . . Manual . | . . . . . . . . . . . . . . . Terminals 28 | . 1 . 1 . 7 . 6 4 4 . . . 1 4 Fabricators 2 | . . . . . . . . . . 2 . . . . Repair Stations 18 | . 2 . . . 7 . . 6 . . . . . 3 Recycling Units 9 | . . . . . . . . 1 . . . . . 8 Scanalyzers 17 | . . . . . 11 . . 6 . . . . . . Garrison Access 4 | . . . . . . 1 . 1 . 1 . 1 . . Terminal Hacks 10 | . 1 . 1 . 4 . 1 2 . . . . 1 . Record 2 | . . . 1 . 1 . . . . . . . . . Emergency Access Points 1 | . . . . . . . . . . . . . 1 . Locate Traps 2 | . 1 . . . . . . 1 . . . . . . Reprogram Traps 1 | . . . . . 1 . . . . . . . . . Hauler Manifests 2 | . . . . . 2 . . . . . . . . . Zone Layout 1 | . . . . . . . . 1 . . . . . . Patrol Navigation 1 | . . . . . . . 1 . . . . . . . Fabricator Hacks 1 | . . . . . . . . . . 1 . . . . Load Schematic 1 | . . . . . . . . . . 1 . . . . Repair Station Hacks 12 | . 2 . . . 6 . . 4 . . . . . . Scan Component 6 | . 1 . . . 3 . . 2 . . . . . . Repair 6 | . 1 . . . 3 . . 2 . . . . . . Recycling Unit Hacks 4 | . . . . . . . . 1 . . . . . 3 Retrieve Components 4 | . . . . . . . . 1 . . . . . 3 Scanalyzer 17 | . . . . . 11 . . 6 . . . . . . Insert Component 9 | . . . . . 6 . . 3 . . . . . . Analyze 8 | . . . . . 5 . . 3 . . . . . . Garrison Access Hacks 4 | . . . . . . 1 . 1 . 1 . 1 . . Unlock Access 4 | . . . . . . 1 . 1 . 1 . 1 . . Unauthorized Hacks . | . . . . . . . . . . . . . . . Terminals . | . . . . . . . . . . . . . . . Fabricators . | . . . . . . . . . . . . . . . Repair Stations . | . . . . . . . . . . . . . . . Recycling Units . | . . . . . . . . . . . . . . . Scanalyzers . | . . . . . . . . . . . . . . . Garrison Access . | . . . . . . . . . . . . . . . Data Cores Recovered . | . . . . . . . . . . . . . . . Used . | . . . . . . . . . . . . . . . Hacking Detections 24 | . 2 . . . 3 1 2 6 2 2 . 1 . 5 Full Trace Events 6 | . . . . . . . 2 1 1 . . . . 2 Feedback Events . | . . . . . . . . . . . . . . . Feedback Blocked . | . . . . . . . . . . . . . . . Robot Schematics Acquired . | . . . . . . . . . . . . . . . Robots Built . | . . . . . . . . . . . . . . . Authchips . | . . . . . . . . . . . . . . . Time . | . . . . . . . . . . . . . . . Total Robot Build Rating . | . . . . . . . . . . . . . . . Part Schematics Acquired 5 | . . . . . 4 . . 1 . . . . . . Parts Built . | . . . . . . . . . . . . . . . Authchips . | . . . . . . . . . . . . . . . Time . | . . . . . . . . . . . . . . . Total Part Build Rating . | . . . . . . . . . . . . . . . Parts Repaired 6 | . 1 . . . 3 . . 2 . . . . . . Time 274 | . 26 . . . 160 . . 88 . . . . . . Parts Recycled . | . . . . . . . . . . . . . . . Recycled Matter . | . . . . . . . . . . . . . . . Retrieved Matter . | . . . . . . . . . . . . . . . Retrieved Components 3 | . . . . . . . . . . . . . . 3 Parts Scanalyzed 7 | . . . . . 5 . . 2 . . . . . . Part Schematics Acquired 5 | . . . . . 4 . . 1 . . . . . . Parts Damaged . | . . . . . . . . . . . . . . . Bothacking | -11 -10 -10 -9 -9 -8 -7 -7 -7 -7 -6 -6 -6 -6 -5 ------------ Run | Yrd Mat Min Mat Min Mat Fac Gar Fac Gar Fac Gar Fac Gar Fac Used RIF Installer 4 | . . . . . . . 1 . 1 . 1 . 1 . Hotswap 1 | . . . . . . . . . . . . . 1 . Watcher Feeds 1 | . . . . . . . . . 1 . . . . . Patrol Navigation 1 | . . . . . . . . . . . 1 . . . Robots Hacked 13 | . . . . . . . . . 1 . 6 . 6 . Non-combat . | . . . . . . . . . . . . . . . Combat 13 | . . . . . . . . . 1 . 6 . 6 . Robot Hacks Applied 13 | . . . . . . . . . 1 . 6 . 6 . overwrite_iff 8 | . . . . . . . . . . . 4 . 4 . formatsys_high 5 | . . . . . . . . . 1 . 2 . 2 . Relay Couplers Released 26 | . . . . . . . 17 . 4 . . . 5 . Machine Destruction 26 | . . . . . . . 17 . 4 . . . 5 . Attached 5 | . . . . . . . . . 1 . 2 . 2 . Fabnet Peak Effective % . | . . . . . . . . . . . . . . . Robots Rewired 4 | . . . . . . . 4 . . . . . . . Allies Hacked 1 | . . . . . . . . . . . . . 1 . Hacks Repelled . | . . . . . . . . . . . . . . . Allies | -11 -10 -10 -9 -9 -8 -7 -7 -7 -7 -6 -6 -6 -6 -5 -------- Run | Yrd Mat Min Mat Min Mat Fac Gar Fac Gar Fac Gar Fac Gar Fac Total Allies 21 | . . . . . . . 6 . 1 . 6 . 8 . Largest Group 2 | . . . . . . . 2 . 1 1 2 1 2 . Highest-Rated Group 142 | . . . . . . . 142 . 32 32 64 29 124 . Highest-Rated Ally 80 | . . . . . . . 80 . 32 32 32 29 62 . Total Orders . | . . . . . . . . . . . . . . . Ally Attacks 112 | . . . . . . . 26 . 6 . 35 . 45 . Total Damage 2932 | . . . . . . . 1068 . 271 . 616 . 977 . Kills 20 | . . . . . . . 7 . . . 6 . 7 . Allies Corrupted . | . . . . . . . . . . . . . . . Allies Melted 2 | . . . . . . . 1 . . . . . 1 . Intel | -11 -10 -10 -9 -9 -8 -7 -7 -7 -7 -6 -6 -6 -6 -5 ------- Run | Yrd Mat Min Mat Min Mat Fac Gar Fac Gar Fac Gar Fac Gar Fac Active Infowar (turns) 1506 | . . 167 158 110 895 79 . 96 . . . . . 1 Sensors 1409 | . . 167 158 110 895 79 . . . . . . . . Jamming 54 | . . . . . . 54 . . . . . . . . ECM 97 | . . . . . . . . 96 . . . . . 1 Robot Analysis Total . | . . . . . . . . . . . . . . . Derelict Logs Recovered 3 | . . 2 . 1 . . . . . . . . . . Drone Launches . | . . . . . . . . . . . . . . . Drone Recoveries . | . . . . . . . . . . . . . . . Exploration | -11 -10 -10 -9 -9 -8 -7 -7 -7 -7 -6 -6 -6 -6 -5 ------------- Run | Yrd Mat Min Mat Min Mat Fac Gar Fac Gar Fac Gar Fac Gar Fac Turns Passed 10319 | 43 198 266 158 110 1013 231 3772 1483 460 48 252 64 875 1346 Spaces Moved 8162 | 40 129 230 133 105 644 175 3031 1195 324 40 189 62 491 1374 Core 532 | 15 . . . . . . 8 . 1 . . . . 508 Treads . | . . . . . . . . . . . . . . . Legs 665 | . . . . . . . . . . . . . 274 391 Wheels 6490 | 25 129 230 133 105 644 175 3023 1195 323 40 189 62 217 . Hover 97 | . . . . . . . . . . . . . . 97 Flight 378 | . . . . . . . . . . . . . . 378 Fastest Speed 24 | 50 90 105 105 105 86 100 100 100 100 93 93 100 100 24 Average Speed 99 | 75 104 105 105 105 97 100 103 100 112 106 98 100 124 77 Slowest Speed 850 | 90 105 105 105 105 130 115 800 115 850 115 115 100 260 450 Overloaded Moves . | . . . . . . . . . . . . . . . Propulsion Burnouts . | . . . . . . . . . . . . . . . Robots Hopped . | . . . . . . . . . . . . . . . Potential Cave-ins . | . . . . . . . . . . . . . . . Cave-ins Triggered . | . . . . . . . . . . . . . . . Exploration Rate (%) 32 | 4 35 35 20 21 49 4 91 39 60 3 30 4 53 33 Regions Visited 14 Branch Regions 2 Pre-discovered Areas 1 | . . 1 . . . . . . . . . . . . Known Exits Taken 6 | . . . . 1 1 1 . 1 . 1 . 1 . . Unknown Exits Taken 4 | 1 1 1 1 . . . . . . . . . . . Scrap Searched 2 | . . 2 . . . . . . . . . . . . Spaces Dug 31 | . . . . . . . 28 1 . . . . 2 . Terrain Destroyed 181 | . . . . . . . 39 1 91 . 41 . 2 7 Melee 31 | . . . . . . . 28 1 . . . . 2 . Projectile 7 | . . . . . . . . . . . . . . 7 AOE 143 | . . . . . . . 11 . 91 . 41 . . . Terrain Rammed . | . . . . . . . . . . . . . . . Walls Destroyed . | . . . . . . . . . . . . . . . Machines Disabled . | . . . . . . . . . . . . . . . Actions | -11 -10 -10 -9 -9 -8 -7 -7 -7 -7 -6 -6 -6 -6 -5 --------- Run | Yrd Mat Min Mat Min Mat Fac Gar Fac Gar Fac Gar Fac Gar Fac Total 9690 | 52 172 245 143 104 975 203 3395 1443 382 44 244 64 642 1582 Wait 694 | . 26 . . . 232 10 108 162 14 . 30 . . 112 Move 8151 | 39 128 229 132 104 643 174 3030 1195 323 40 188 62 490 1374 Hop . | . . . . . . . . . . . . . . . Pick Up 119 | 7 4 7 4 . 23 . 16 13 5 1 3 1 20 15 Fast Attach 55 | . . . . . 7 4 12 8 1 . . . . 23 Attach 80 | 6 2 2 2 . 12 . 9 7 6 2 6 1 17 8 Detach 7 | . 1 . . . 2 . . 1 1 . 2 . . . Swap 18 | . . 1 . . 2 1 3 2 1 . . . 8 . Drop 57 | . . . . . 18 1 10 14 2 . . . . 12 Fire 177 | . 11 2 . . 9 . 85 3 12 . 11 . 23 21 Melee 265 | . . 4 5 . 27 13 90 30 17 1 4 . 57 17 Ram . | . . . . . . . . . . . . . . . Kick . | . . . . . . . . . . . . . . . Crush . | . . . . . . . . . . . . . . . Escape Stasis 66 | . . . . . . . 32 8 . . . . 26 . Rewire 1 | . . . . . . . . . . . . . 1 . Trap . | . . . . . . . . . . . . . . . Miscellaneous . | . . . . . . . . . . . . . . . Route ------- -11/Scrapyard -10/Materials -10/Mines -9/Materials (discovered 2 exits: *Mat / [*Min]) -9/Mines -8/Materials (discovered 2 exits: *Fac x2) -7/Factory (discovered 2 exits: [*Low] / Gar) -7/Garrison (discovered 4 exits: *Fac x4) -7/Factory -7/Garrison -6/Factory -6/Garrison -6/Factory -6/Garrison -5/Factory (discovered 2 exits: *Fac / *Upp) History --------- Turn | Location | Event 21 | -11/Scrapyard | Discovered new exit (range 15) 44 | -11/Scrapyard | Entered Materials 221 | -10/Materials | Repaired Com. Wheel 230 | -10/Materials | Discovered new exit (range 13) 242 | -10/Materials | Entered Mines 245 | -10/Mines | Learned location of Zion (-6) 246 | -10/Mines | Met a Derelict bent on vengeance 251 | -10/Mines | A weapon hastily lodged in a ceiling crevice suddenly fell to the ground 298 | -10/Mines | Assembled infested the area 303 | -10/Mines | Assisted by a Guerilla fighting off Assembled 318 | -10/Mines | Build established: Mutant 338 | -10/Mines | Found a damaged Exp. Sensor Array with a note attached 340 | -10/Mines | Found Prototype Device 341 | -10/Mines | Identified Exp. Sensor Array 385 | -10/Mines | Discovered new exit (range 5) 404 | -10/Mines | Found DCF Scrap (14 items) 410 | -10/Mines | Learned 2 Materials zone layouts 508 | -10/Mines | Entered Materials 508 | -9/Materials | Evolved 2 slots: Utility x2 509 | -9/Materials | Identified exit to Materials 646 | -9/Materials | Discovered new exit (range 14) 666 | -9/Materials | Entered Mines 738 | -9/Mines | Learned Materials terminal intel 759 | -9/Mines | Discovered exit to Materials (range 9) 776 | -9/Mines | Entered Materials 776 | -8/Materials | Evolved 2 slots: Propulsion x2 777 | -8/Materials | Loaded intel: 12 terminal locations 893 | -8/Materials | Destroyed 7 combat bots 1264 | -8/Materials | Repaired Exp. Sensor Array 1291 | -8/Materials | Repaired Lgt. Armor Plating 1319 | -8/Materials | Repaired Com. Wheel 1407 | -8/Materials | Discovered new exit (range 4) 1721 | -8/Materials | Discovered new exit (range 14) 1732 | -8/Materials | Identified exit to Factory 1789 | -8/Materials | Entered Factory 1789 | -7/Factory | Evolved 2 slots: Utility x1, Weapon x1 1900 | -7/Factory | Discovered new exit (range 15) 2009 | -7/Factory | Identified exit to Garrison 2020 | -7/Factory | Entered Garrison 2270 | -7/Garrison | Triggered checkpoint 2306 | -7/Garrison | Garrison Relay disabled 2330 | -7/Garrison | Triggered checkpoint 2579 | -7/Garrison | Triggered checkpoint 2595 | -7/Garrison | System corruption reached 10% 2627 | -7/Garrison | Lost 3 parts (1p1u1w) 2734 | -7/Garrison | Discovered new exit (range 10) 2808 | -7/Garrison | Triggered checkpoint 2866 | -7/Garrison | Garrison Relay disabled 2962 | -7/Garrison | Discovered new exit (range 9) 2973 | -7/Garrison | Found embedded Infiltrators 3004 | -7/Garrison | Garrison Relay disabled 3168 | -7/Garrison | Garrison Relay disabled 3241 | -7/Garrison | Discovered new exit (range 14) 3386 | -7/Garrison | Triggered checkpoint 3432 | -7/Garrison | Core integrity fell below 50% 3450 | -7/Garrison | Lost 5 allies 3468 | -7/Garrison | Garrison Relay disabled 3477 | -7/Garrison | Lost 5 parts (1p2u2w) 3717 | -7/Garrison | Discovered new exit (range 6) 3961 | -7/Garrison | Build established: Scavenger-Tank 4304 | -7/Garrison | Build established: Scavenger-Mutant 5758 | -7/Garrison | Installed Relay Interface Framework 5792 | -7/Garrison | Entered Factory 6041 | -7/Factory | Repaired Arm. Huge Wheel 6592 | -7/Factory | First assault squad dispatched 6642 | -7/Factory | Repaired Arm. Huge Wheel 7028 | -7/Factory | Build established: Gladiator 7275 | -7/Factory | Identified exit to Garrison 7275 | -7/Factory | Entered Garrison 7323 | -7/Garrison | Garrison Relay disabled 7350 | -7/Garrison | Expanded RIF knowledge: Watcher Feeds 7413 | -7/Garrison | Triggered checkpoint 7418 | -7/Garrison | Core integrity fell below 20% 7479 | -7/Garrison | Lost 3 parts (1p1n1u) 7595 | -7/Garrison | Triggered checkpoint 7612 | -7/Garrison | Triggered checkpoint 7700 | -7/Garrison | Discovered new exit (range 14) 7735 | -7/Garrison | Entered Factory 7735 | -6/Factory | Accompanied by 1 ally 7735 | -6/Factory | Evolved 2 slots: Propulsion x1, Utility x1 7783 | -6/Factory | Identified exit to Garrison 7783 | -6/Factory | Entered Garrison 7783 | -6/Garrison | Accompanied by 1 ally 7828 | -6/Garrison | Expanded RIF knowledge: Patrol Navigation 7843 | -6/Garrison | Triggered checkpoint 7881 | -6/Garrison | Triggered checkpoint 7883 | -6/Garrison | Build established: Bothacker-Mutant 7912 | -6/Garrison | Lost 4 allies 7992 | -6/Garrison | Discovered new exit (range 15) 8035 | -6/Garrison | Entered Factory 8035 | -6/Factory | Accompanied by 1 ally 8099 | -6/Factory | Identified exit to Garrison 8099 | -6/Factory | Entered Garrison 8099 | -6/Garrison | Accompanied by 1 ally 8107 | -6/Garrison | Triggered checkpoint 8146 | -6/Garrison | Lost 3 parts (1n2w) 8185 | -6/Garrison | Expanded RIF knowledge: Hotswap 8239 | -6/Garrison | Triggered checkpoint 8280 | -6/Garrison | Lost 4 allies 8347 | -6/Garrison | Triggered checkpoint 8375 | -6/Garrison | Triggered checkpoint 8463 | -6/Garrison | Lost 8 parts (1p1n3u3w) 8625 | -6/Garrison | Triggered checkpoint 8709 | -6/Garrison | Triggered checkpoint 8804 | -6/Garrison | Found embedded Infiltrators 8816 | -6/Garrison | Garrison Relay disabled 8905 | -6/Garrison | Triggered checkpoint 8911 | -6/Garrison | Build established: Scavenger-Mutant 8958 | -6/Garrison | Discovered new exit (range 14) 8960 | -6/Garrison | Spotted B-75 Beast 8973 | -6/Garrison | Identified exit to Factory 8974 | -6/Garrison | Entered Factory 8974 | -5/Factory | Evolved 2 slots: Propulsion x1, Utility x1 9021 | -5/Factory | Discovered new exit (range 15) 9038 | -5/Factory | Identified exit to Factory 9497 | -5/Factory | Build established: Bothacker-Mutant 9583 | -5/Factory | Lost 5 parts (4n1u) 9801 | -5/Factory | Lost 4 parts (1u3w) 9819 | -5/Factory | System corruption reached 10% 9852 | -5/Factory | Discovered new exit (range 16) 9859 | -5/Factory | Identified exit to Upper Caves 9966 | -5/Factory | Core integrity fell below 50% 10181 | -5/Factory | Build established: Hacker-Mutant 10303 | -5/Factory | Lost 10 parts (6n2u2w) 10303 | -5/Factory | Core integrity fell below 20% 10320 | -5/Factory | Destroyed by Y-64 Sentinel with KE Penetrator Last Messages --------------- Lgt. Ion Engine blown off. Linear Gravjet blown off. System corrupted: Heat flow error (+179). Acquired Linear Gravjet. U-05 Engineer lays Concrete. Acquired Linear Gravjet. Linear Gravjet destroyed. R-10 Processor collects Lgt. Ion Engine. Acquired Linear Gravjet. P-70 Sage resets R-10 Processor, system corruption cleaned. Linear Gravjet destroyed. Acquired 10 matter. System corrupted: Heat flow error (+115). Dropped Relay Coupler [Duelist]. Acquired Enh. Gauss Cannon. System corrupted: Matter fused (-5). Penetrated by Slug. Slug penetrates Wall. Penetrated by Slug. Map ----- +----------------------------------------------------+ | ????# = ##### ####???????????# ########?? | | ####### ###???# #??????????????# #????????? | | # #?????# #??????????????# #????????? | | """" # #?????# #??????????????# #????????? | | + #?????# #?????????????? #????????? | | """" # #?????# #?????????????##### #????????? | | # #?????# #?????????????????# #????????? | | """" # #?????#+#?????????????????# #????????? | | # #?????????????????????????#+#????????? | | """" # #????????????????????????????????????? | | # #????????????????????????????????????? | | # #????????????????????????????????????? | | ####### #????????????????????????????????????? | | ??????# #????????????????????????????????????? | | ??????# #????????????????????????????????????? | | ??????# #????????????????????????????????????? | | ??????# #????????????????????????????????????? | | ??????# #????????????????????????????????????? | | ??????+ #????????????????????????????????????? | | ??????# #????????????????????????????????????? | | ??????# #???????####+####????????????????????? | | ??????# #####+### #????????????????????? | | ??????# #######+## ?????????? | | ??????# ????????? | | ??????# Y "????????? | | ??????# @ h u ????????? | | ??????# u u ######???????????????? | | ??????# ######;### #????????????????????? | | ####### #??? ### ###????????????????????? | | #??""" !#?# #??????????????????????? | | #? """ #?# #??????????????????????? | | # """ #?# #??????????????????????? | | #####/###+##! #?# #??????????????????????? | | #?? ?????# ?""" #?# #????#########?#######?? | | #? ???????????" #?# #?? # T ! #?? | | # ???????????" #?# #?? # #?? | | # ???????????? #?# k#?# # ### | | # ????????????#####?# ?+ # + | | # ???????????????????##+##?# # # | | #???????????????????????????# # """ # | | #???????????????????????????# # """ # | | #???????????????????????????#! # """ # | | #???????????????????????????# # # | | #????????????????????????????? ?#!] + | | #?????????????????????????????? ??#!] #% | | #???????????????????????????????? %???#]] # | | ????????????#######################/############ | | ????????????# ] =*=!% = | | ????????????# % % % % % = | | ????????????# [ ^ | +----------------------------------------------------+ Best States ------------- Heat Dissipation 48 Energy Generation 25 Energy Capacity 640 Matter Stores 300 Matter Capacity 300 Sight Range 16 Robot Scan Range 20 Terrain Scan Density 10 ECM Strength 1 Jamming Range 12 Armor Coverage 675 Resistance: KI 20 Resistance: TH 20 Resistance: EX 20 Resistance: EM 20 Resistance: I 20 Resistance: S 20 Resistance: P 20 Melee Speed Boost 20 Evasion (%) 63 Melee Accuracy 32 Launcher Accuracy 30 Offensive Hacking 10 Defensive Hacking 12 Relay Coupler Types 3 Relay Coupler Value 71 Item Schematics ----------------- Datajack | -8/Materials | Scanalyzed Grenade Launcher | -8/Materials | Scanalyzed Ripper | -8/Materials | Scanalyzed Lgt. Armor Plating | -8/Materials | Scanalyzed Arm. Huge Wheel | -7/Factory | Scanalyzed Robot Schematics ------------------ None Fabricated ------------ Nothing Repaired ---------- Com. Wheel | 6% | -10/Materials Exp. Sensor Array | 62% | -8/Materials Lgt. Armor Plating | 16% | -8/Materials Com. Wheel | 56% | -8/Materials Arm. Huge Wheel | 1% | -7/Factory Arm. Huge Wheel | 39% | -7/Factory Alien Tech Used ----------------- None Achievements -------------- Dramatic Entrance Safety First Slippery One Challenges ------------ None Game ------ Seed RiotWarlordPlating Manual? 0 Play Time 01:58:43 Cumulative 42.8 hours Start 2025.08.05 @ 23:56:08 End 2025.08.06 @ 08:45:40 Sessions 3 Manual Loads 0 Difficulty Adventurer Special Mode None Game No. 34 Rogue 0 Adventurer 34 Explorer 0 Win Type - Total 0 Types 0/0/0/0/0/0/0/0/0/0 Lore% 10 Gallery% 31 Achievement% 30 Wizard Run 0 Options --------- Layout 1 ASCII 0 Keyboard 0 Movement Mouse Keybinds 0 Fullscreen 1 Font 24/Smallcaps Map View 50x35 Zoom Use 0% Tactical HUD 0 Map Filters NONE Filters NONE Steam 1 RUN: a6f80fb8-bf22-47b8-9998-886ad7bf5759